 Dungeon Crawl Stone Soup version bcrawl-1.19.2-6-g6a88ae04c9 (webtiles) character file.

Game seed: 7367817532700268975

226 Mrkan the Ruffian (level 5, -4/53 HPs)
             Began as a Troll Fighter on Jan 5, 2020.
             Killed by divine providence
             ... invoked by an orc priest
              (12 damage)
             ... on level 3 of the Dungeon.
             The game lasted 00:03:31 (1783 turns).

Mrkan the Ruffian (Troll Fighter)                   Turns: 1783, Time: 00:03:31

Health: -4/53      AC:  6    Str: 24    XL:     5   Next: 69%
Magic:  4/4        EV:  8    Int:  5    God:
Gold:   166        SH:  8    Dex: 10    Spells: 4/4 levels left

rFire    . . .     SeeInvis .     - Unarmed
rCold    . . .     Gourm    +   a - +0 shield
rNeg     . . .     Faith    .   (armour unavailable)
rPois    .         Spirit   .   (helmet restricted)
rElec    .         Reflect  .   (no cloak)
rCorr    .         Harm     .   (gloves unavailable)
MR       .....                  (boots unavailable)
Stlth    +.........             (no amulet)
HPRegen  0.57/turn              (no ring)
MPRegen  0.09/turn              (no ring)

@: lethally poisoned (-4 -> -6)
A: large, almost no armour, unfitting armour, claws 3, fast metabolism 3,
gourmand, regeneration 1, AC +6
a: no special abilities


You were on level 3 of the Dungeon.
You were full.

You visited 1 branch of the dungeon, and saw 3 of its levels.

You collected 166 gold pieces.

Inventory:

Armour
 a - a +0 shield (worn)
Jewellery
 d - an uncursed ring of magical power {unknown}
 j - a +3 amulet of reflection {unknown}
Scrolls
 e - 2 scrolls of enchant armour {unknown}
 f - 4 scrolls of identify {unknown}
 i - a scroll of enchant weapon {unknown}
 o - a scroll of fear {unknown}
 p - 2 scrolls of amnesia {unknown}
Potions
 b - a potion of might
 g - 2 potions of flight {unknown}
 h - a potion of heal wounds {unknown}
 k - a potion of invisibility {unknown}
 l - a potion of magic {unknown}
 m - a potion of mutation {unknown}
 n - a potion of haste {unknown}
Comestibles
 c - 4 rations {!d}


   Skills:
 + Level 3.6 Fighting
 - Level 2.4 Dodging
 - Level 2.0 Shields
 * Level 5.0 Unarmed Combat


You had 4 spell levels left.
You didn't know any spells.
Your spell library was empty.

Dungeon Overview and Level Annotations

Branches:
Dungeon (3/12)

Altars:


Innate Abilities, Weirdness & Mutations

You cannot wear most types of armour.
Your thick skin is tough. (AC +6)
You are too large for most types of armour.
You have claws for hands.
Your metabolism is lightning-fast.
You like to eat raw meat.
Your natural rate of healing is unusually fast.


Message History

You feel sick.
You feel sick.
An orc comes into view. It is wielding a +0 club.
The adder bites you but does no damage.
You feel sick.
You feel sick.
You feel sick.
The orc wizard shouts!
The orc wizard casts a spell at you. You resist with some effort.
The adder bites you.
* * * LOW HITPOINT WARNING * * *
You feel sick.
You feel sick.
You feel sick.
You feel sick. The adder closely misses you.
You feel sick.
You miss the adder.
You feel sick.
The orc priest mumbles some strange prayers to Beogh against you.
Beogh smites you!
You die...

#..........# ..........##
......o....### #.........##
#...!........# #..........#
#..........# .###.....[.^..###.
#.....o.#.####........))........
##.....................).....#...
.......#.#..#######.....)........
...........oo#######.............
............oK.S@...........(....
###.........†######....†<........
########...# #..........##..
#...# #..........# # #...#
#........<.# #...# ##........##
#...# ##.....†## #....
.........>..# #...#
###########....


You could see an orc priest, an adder, 2 orcs and a kobold.

Vanquished Creatures
  A water moccasin (D:3)
  An orc priest (D:3)
  Terence (D:2)
  2 worms (D:2)
  A dart slug (D:1)
  3 leopard geckos
  5 orcs
  A ball python (D:1)
  4 bats
  A giant cockroach (D:1)
  7 hobgoblins
  7 jackals
  A quokka (D:2)
  4 goblins
  4 kobolds
  2 rats
45 creatures vanquished.

Notes
Turn   | Place    | Note
-------+----------+-------------------------------------------
     0 | D:1      | Mrkan the Troll Fighter began the quest for the Orb.
     0 | D:1      | Reached XP level 1. HP: 22/22 MP: 0/0
   203 | D:1      | Reached XP level 2. HP: 21/29 MP: 1/1
   554 | D:1      | Reached skill level 3 in Unarmed Combat
   937 | D:2      | Reached XP level 3. HP: 19/36 MP: 2/2
  1249 | D:2      | Noticed Terence
  1261 | D:2      | Killed Terence
  1320 | D:2      | Gained mutation: Your natural rate of healing is unusually
                  | fast. [Troll growth]
  1320 | D:2      | Reached XP level 4. HP: 43/45 MP: 3/3
  1666 | D:3      | Reached skill level 4 in Unarmed Combat
  1761 | D:3      | Noticed a water moccasin
  1771 | D:3      | Killed a water moccasin
  1771 | D:3      | Reached skill level 5 in Unarmed Combat
  1771 | D:3      | Reached XP level 5. HP: 30/53 MP: 4/4
  1783 | D:3      | Killed from afar by an orc priest

Skill      XL: |  1  2  3  4 |
---------------+-------------+-----
Unarmed Combat | 3 5 |  5.0
Fighting       | 3 |  3.6
Dodging        | |  2.4
Shields        | |  2.0

Action                   |  1- 3 |  4- 6 || total
-------------------------+-------+-------++-------
Melee: Unarmed           |    79 |    38 ||   117
  Eat: Chunk             |    14 |       ||    14
Armor: Skin              |    34 |    21 ||    55
Dodge: Dodged            |    36 |    20 ||    56
Block: Shield            |    47 |    28 ||    75
